 Dungeon Crawl Stone Soup version 0.29.1-2-gbd0b4ee654 (webtiles) character file.

Game seed: 13179303465322147588

840 GorkyZ the Magician (level 7, 0/40 HPs)
             Began as a Deep Elf Air Elementalist on Nov 17, 2022.
             Was a Follower of Vehumet.
             Slain by daba11's ghost (9 damage)
             ... on level 5 of the Dungeon.
             The game lasted 00:35:58 (5000 turns).

GorkyZ the Magician (Deep Elf Air Elementalist)     Turns: 5000, Time: 00:35:58

Health: 0/40       AC:  3    Str:  5    XL:     7   Next: 67%
Magic:  12/16      EV: 13    Int: 28    God:    Vehumet [*.....]
Gold:   333        SH:  0    Dex: 15    Spells: 12/16 levels left

rFire   . . .      SeeInvis .   e - +0 dagger
rCold   . . .      Faith    .   (no shield)
rNeg    . . .      Spirit   .   a - +0 robe
rPois   .          Reflect  .   r - +0 hat
rElec   .          Harm     .   t - +0 cloak
rCorr   .          Rampage  .   (no gloves)
Will    .....                   (no boots)
Stlth   ++........              m - amulet of magic regeneration
HPRegen 0.13/turn               d - +6 ring of intelligence
MPRegen 0.55/turn               f - ring of wizardry

@: no status effects
A: no striking features
a: Renounce Religion


You were on level 5 of the Dungeon.
You worshipped Vehumet.
Vehumet was aware of your devotion.
You visited 1 branch of the dungeon, and saw 5 of its levels.

You collected 333 gold pieces.

Inventory:

Hand Weapons
 e - a +0 dagger (weapon)
 z - a +0 falchion
Missiles
 y - a throwing net
Armour
 a - a +0 robe (worn)
 r - a +0 hat (worn)
 s - a scarf of invisibility
 t - a +0 cloak (worn)
Jewellery
 d - a +6 ring of intelligence (left hand)
 f - a ring of wizardry (right hand)
 g - an amulet of reflection
 i - an amulet of the acrobat
 m - an amulet of magic regeneration (around neck)
Wands
 w - a wand of polymorph (8)
Scrolls
 j - 4 scrolls of vulnerability
 k - 2 scrolls of enchant armour {unknown}
 l - a scroll of teleportation {unknown}
 o - 2 scrolls of brand weapon {unknown}
 p - 3 scrolls of immolation {unknown}
 u - a scroll of enchant weapon {unknown}
 v - a scroll of amnesia {unknown}
Potions
 b - a potion of magic
 c - 2 potions of resistance
 h - a potion of flight {unknown}
 q - a potion of berserk rage
 x - a potion of invisibility {unknown}


   Skills:
 + Level 2.3 Fighting
 + Level 2.8 Staves
 + Level 4.2 Dodging
 - Level 2.4 Stealth
 + Level 5.2 Spellcasting
 + Level 3.4 Conjurations
 + Level 2.2 Summonings
 + Level 4.3 Air Magic
 + Level 3.1 Poison Magic


You had 12 spell levels left.
You knew the following spells:

 Your Spells              Type           Power      Damage    Failure   Level
a - Shock                 Conj/Air       100%       1d9       1%          1
b - Apportation           Tloc           14%        N/A       2%          1
c - Static Discharge      Conj/Air       29%        3-7/arc   1%          2

Your spell library contained the following spells:

 Spells                   Type           Power      Damage    Failure   Level
 Foxfire                  Conj/Fire      68%        2x1d7     1%          1
 Magic Dart               Conj           100%       1d8       1%          1
 Summon Small Mammal      Summ           76%        N/A       1%          1
 Searing Ray              Conj           52%        2d6       1%          2
 Swiftness                Air            31%        N/A       1%          3
 Necrotise                Necr           28%        1d5       2%          1
 Call Canine Familiar     Summ           19%        N/A       3%          3
 Ensorcelled Hibernation  Hex/Ice        14%        N/A       4%          2
 Passwall                 Tmut/Erth      5%         N/A       4%          2
 Sublimation of Blood     Necr           7%         N/A       4%          2
 Wereblood                Tmut           7%         N/A       4%          2
 Airstrike                Air            15%        2d(3-19)  4%          4
 Portal Projectile        Hex/Tloc       14%        N/A       9%          3
 Fulminant Prism          Conj/Hex       8%         3d7       13%         4
 Leda's Liquefaction      Hex/Erth       3%         N/A       26%         4
 Summon Hydra             Summ           9%         N/A       100%        7


Dungeon Overview and Level Annotations

Branches:
Dungeon (5/15)             Temple (0/1) D:5

Altars:
Dithmenos
Gozag
Nemelex Xobeh
Ru
Vehumet
Zin
The Shining One

Shops:
D:1 ?

Annotations:
D:5 daba11's ghost, amateur MiFi


Message History

Daba11's ghost is heavily damaged.
Daba11's ghost closely misses you.
Aiming: Shock (safe; 1% risk of failure)
Press: ? - help, Q - select action, (/) - cycle Shift-Dir - straight line, f/p - daba11's ghost
Aim: daba11's ghost (heavily damaged, 74% to hit)
The zap hits daba11's ghost.
Daba11's ghost is heavily damaged.
Daba11's ghost hits you.
Aiming: Shock (safe; 1% risk of failure)
Press: ? - help, Q - select action, (/) - cycle Shift-Dir - straight line, f/p - daba11's ghost
Aim: daba11's ghost (heavily damaged, 74% to hit)
The zap hits daba11's ghost but does no damage.
Daba11's ghost is heavily damaged.
Daba11's ghost hits you!
Aiming: Shock (safe; 1% risk of failure)
Press: ? - help, Q - select action, (/) - cycle Shift-Dir - straight line, f/p - daba11's ghost
Aim: daba11's ghost (heavily damaged, 74% to hit)
The zap hits daba11's ghost!
Daba11's ghost is severely damaged.
Daba11's ghost closely misses you.
Aiming: Shock (safe; 1% risk of failure)
Press: ? - help, Q - select action, (/) - cycle Shift-Dir - straight line, f/p - daba11's ghost
Aim: daba11's ghost (severely damaged, 74% to hit)
The zap hits daba11's ghost.
Daba11's ghost is almost destroyed.
Daba11's ghost closely misses you.
Aiming: Shock (safe; 1% risk of failure)
Press: ? - help, Q - select action, (/) - cycle Shift-Dir - straight line, f/p - daba11's ghost
Aim: daba11's ghost (almost destroyed, 74% to hit)
The zap misses daba11's ghost.
Daba11's ghost hits you!
* * * LOW HITPOINT WARNING * * *
Aiming: Shock (safe; 1% risk of failure)
Press: ? - help, Q - select action, (/) - cycle Shift-Dir - straight line, f/p - daba11's ghost
Aim: daba11's ghost (almost destroyed, 74% to hit)
The zap misses daba11's ghost.
Daba11's ghost hits you.
* * * LOW HITPOINT WARNING * * *
You feel better. Daba11's ghost hits you!
You die...

............⌠.......#)#
.[.....
.....###........###.#)#
.....<. .....# #........#
#.#)####.!..... .....#
#........# #.#†#..........
.....#
#........###.#.#.##.......
.....#
#..............†..........
#....#
#....8.............8......
#....#
#....######'''######.#####
#....#
#....#...@W........#.#
#....#
#....#....#####....# #
#....#
######.###.....###.#
#.<..# #.#8#..8..#8#.#
#....# #.............#
###### 8....[_[)...8
###############


You could see daba11's ghost.

Vanquished Creatures
  An ice beast (D:5)
  A black bear (D:4)
  An ogre (D:4)
  A scorpion (D:5)
  2 orc priests (D:5)
  A gnoll bouda (D:4)
  A hound (D:4)
  Jessica (D:2)
  2 iguanas
  Terence (D:2)
  2 orc wizards (D:4)
  Robin (D:4)
  5 gnolls (D:4)
  7 adders
  A white imp (D:5)
  2 worms
  A dart slug (D:1)
  10 orcs
  7 ball pythons
  9 endoplasms
  2 giant cockroaches
  14 hobgoblins
  10 jackals
  4 quokkas
  4 bats
  2 frilled lizards
  15 goblins
  10 kobolds
  5 rats
123 creatures vanquished.

Notes
Turn   | Place    | Note
-------+----------+-------------------------------------------
     0 | D:1      | GorkyZ the Deep Elf Air Elementalist began the quest for
                  | the Orb.
     0 | D:1      | Reached XP level 1. HP: 10/10 MP: 6/6
   107 | D:1      | Found Waade's Magic Scroll Boutique.
   204 | D:1      | Found a faded altar of an unknown god.
   233 | D:1      | Reached XP level 2. HP: 15/15 MP: 4/8
   603 | D:1      | Learned a level 1 spell: Apportation
   869 | D:1      | Reached XP level 3. HP: 20/20 MP: 2/9
  1043 | D:1      | Reached skill level 1 in Poison Magic
  1156 | D:2      | Noticed Jessica
  1161 | D:2      | Killed Jessica
  1162 | D:2      | Reached skill level 1 in Staves
  1169 | D:2      | Reached XP level 4. HP: 19/24 MP: 1/11
  1275 | D:2      | Found a glowing golden altar of the Shining One.
  1421 | D:2      | Learned a level 2 spell: Static Discharge
  1448 | D:2      | Noticed Terence
  1457 | D:2      | Killed Terence
  1458 | D:2      | Reached skill level 1 in Fighting
  2124 | D:2      | Reached XP level 5. HP: 29/29 MP: 8/12
  2579 | D:3      | Reached skill level 4 in Spellcasting
  3409 | D:4      | Found a radiant altar of Vehumet.
  3416 | D:4      | Became a worshipper of Vehumet
  3463 | D:4      | Reached XP level 6. HP: 11/34 MP: 4/14
  3589 | D:4      | Noticed Robin
  3600 | D:4      | Killed Robin
  3605 | D:4      | Reached * piety under Vehumet
  3605 | D:4      | Offered knowledge of Sandblast by Vehumet.
  3704 | D:4      | Reached skill level 1 in Summonings
  3901 | D:4      | Found a glowing silver altar of Zin.
  3919 | D:4      | Found an opulent altar of Gozag.
  3919 | D:4      | Found a sparkling altar of Nemelex Xobeh.
  4288 | D:4      | Reached XP level 7. HP: 39/39 MP: 13/16
  4401 | D:4      | Found a sacrificial altar of Ru.
  4403 | D:4      | Found a shadowy altar of Dithmenos.
  4423 | D:5      | Entered Level 5 of the Dungeon
  4458 | D:5      | Reached skill level 5 in Spellcasting
  4858 | D:5      | Found a staircase to the Ecumenical Temple.
  4867 | D:5      | Found a runed translucent gate.
  4875 | D:5      | Found a runed translucent gate.
  4879 | D:5      | Found a runed translucent gate.
  4881 | D:5      | Noticed daba11's ghost (amateur MiFi)
  4914 | D:5      | Offered knowledge of Foxfire by Vehumet.
  5000 | D:5      | Slain by daba11's ghost

Illustrated notes

Levels and vault maps discovered:
D:1:      dpeg_arrival_short_road, layout_loops_ring,
          ebering_ecumenical_altar_box, serial_shops, nicolae_shop_hallway_plus,
          minmay_tetromino_l2
D:2:      layout_loops_ring, basic_altar, uniq_terence, uniq_jessica
D:3:      layout_rooms
D:4:      layout_basic, mainiacjoe_overflow_tiny_flanked,
          gammafunk_temple_overflow_forgotten, gammafunk_temple_overflow_statue,
          uniq_robin
D:5:      layout_basic, temple_fountains, biasface_ghost_orc_armoury

Skill      XL: |  1  2  3  4  5  6  7 |
---------------+----------------------+-----
Poison Magic   | 1 2 3 |  3.1
Staves         | 1 2 |  2.8
Dodging        | 3 4 |  4.2
Fighting       | 1 2 |  2.3
Conjurations   | 2 3 |  3.4
Spellcasting   | 4 5 |  5.2
Summonings     | 1 2 |  2.2
Air Magic      | 4 |  4.3
Stealth        | |  2.4

Action                   |  1- 3 |  4- 6 |  7- 9 || total
-------------------------+-------+-------+-------++-------
Melee: Dagger            |     5 |    16 |       ||    21
 Cast: Shock             |    65 |   149 |    68 ||   282
  Use: Scroll            |     4 |     5 |       ||     9
       Potion            |       |       |     3 ||     3
Armor: Robe              |       |    11 |     2 ||    13
Dodge: Dodged            |     3 |    59 |    24 ||    86
